 Dungeon Crawl Stone Soup version 0.17.0-23-g0de4337 (webtiles) character file.

899 kosy22 the Ducker (level 7, -21/70 HPs)
             Began as a Troll Fighter on Nov 14, 2015.
             Was a Follower of Nemelex Xobeh.
             Killed from afar by Erica (27 damage)
             ... with a bolt of poison
             ... on level 8 of the Dungeon.
             The game lasted 00:11:40 (4737 turns).

kosy22 the Ducker (Troll Fighter)                   Turns: 4737, Time: 00:11:45

Health: -21/70     AC:  6    Str: 27    XL:     7   Next: 79%
Magic:  6/6        EV:  9    Int:  4    God:    Nemelex Xobeh [*.....]
Gold:   286        SH:  0    Dex:  9    Spells: 0 memorised, 6 levels left

rFire  . . .     SeeInvis .       - Unarmed
rCold  . . .     Clarity  .     a - +0 robe
rNeg   . . .     SustAt   .     b - +0 shield
rPois  .         Gourm    +     (helmet restricted)
rElec  .         Spirit   .     u - +0 cloak
rCorr  .         Warding  .     (gloves unavailable)
rMut   .         Stasis   .     (boots unavailable)
MR     .....                    (no amulet)
Stlth  +.........               (no ring)
                                (no ring)

@: confused, lethally poisoned (-21 -> -24), not resistant to hostile
enchantments, very unstealthy
A: unfitting armour, claws 3, fast metabolism 3, gourmand, regeneration 2,
shaggy fur 1, tough skin 2
a: Renounce Religion


You were on level 8 of the Dungeon.
You worshipped Nemelex Xobeh.
Nemelex Xobeh was aware of your devotion.
You were not hungry.

You visited 1 branch of the dungeon, and saw 7 of its levels.

You collected 324 gold pieces.
You spent 18 gold pieces at shops.

Inventory:

Missiles
 v - 15 poisoned needles
Armour
 a - a +0 robe (worn)
 b - a +0 shield (worn)
 u - a +0 cloak (worn)
Jewellery
 l - an uncursed ring of magical power
 B - a +3 ring of protection {unknown}
 D - a cursed -3 ring of protection {unknown}
 E - an uncursed amulet of stasis {unknown}
Scrolls
 i - 2 scrolls of random uselessness {unknown}
 m - 3 scrolls of remove curse
 n - 4 scrolls of identify
 o - 2 scrolls of magic mapping {unknown}
 r - 3 scrolls of recharging
 y - a scroll of teleportation
 H - a scroll of vulnerability {unknown}
Potions
 c - a potion of might
 e - 2 potions of curing {unknown}
 f - 2 potions of lignification {unknown}
 h - 2 potions of agility {unknown}
 j - 2 potions of magic {unknown}
 p - a potion of flight {unknown}
 q - a potion of brilliance {unknown}
 s - a potion of cancellation {unknown}
 t - 2 potions of invisibility {unknown}
 x - a potion of cure mutation {unknown}
 C - a potion of resistance {unknown}
Books
 F - a book of Fire

   Spells                             Type                      Level
   a - Ignite Poison                  Fire/Transmutation/Poison    3
   b - Fireball                       Conjuration/Fire             5
   c - Bolt of Fire                   Conjuration/Fire             6
   d - Delayed Fireball               Conjuration/Fire             7
   e - Ring of Flames                 Charms/Fire                  7
Miscellaneous
 w - an ornate deck of escape {drawn: 2}
Comestibles
 d - 3 bread rations
 g - 3 meat rations
 z - 2 fruits
 A - a slice of pizza
 I - a beef jerky


   Skills:
 + Level 4.0 Fighting
 + Level 5.5 Dodging
 + Level 0.7 Stealth
 + Level 3.8 Shields
 + Level 3.8 Unarmed Combat
 + Level 0.4 Evocations


You had 6 spell levels left.
You didn't know any spells.

Dungeon Overview and Level Annotations

Branches:
Dungeon (8/15)             Temple (0/1) D:6
   Lair: D:8-11

Altars:
Cheibriados
Kikubaaqudgha
Nemelex Xobeh
Sif Muna
Trog
Vehumet

Shops:
D:5 *%

Annotations:
D:8 Erica


Innate Abilities, Weirdness & Mutations

You are too large for most types of armour.
You have claws for hands.
Your metabolism is lightning-fast.
You like to eat raw meat.
You heal very quickly.
You are covered in fur (AC +1).
You have very tough skin (AC +2).


Message History

Okay, then.
Drink which item? (? for menu, Esc to quit)
You feel much better.
You are confused.
You hear a zap.
A bolt of fire appears from out of thin air!
The bolt of fire hits you!
* * * LOW HITPOINT WARNING * * *
You hear a zap.
A bolt of fire appears from out of thin air!
The bolt of fire hits you!
* * * LOW HITPOINT WARNING * * *
Evoke which item? (* to show all) (? for menu, Esc to quit)
You draw a card...
It is Solitude.
The air shimmers briefly around you.
You hear some strange, mumbled words.
A bolt of poison appears from out of thin air!
The bolt of poison hits you!
You are poisoned.
You die...
Your body disappears without a glow.

#########
........#
........#
........#########
................#
#......$..#
#.@.......#
+.........#
..###......!..#
#..............
####.....[...#.
#.....{#####.#
#.###..# ... #
#..# .. #..#


There were no monsters in sight!

Vanquished Creatures
  3 ogres
  A phantom (D:4)
  A centaur (D:5)
  A hound (D:4)
  3 crimson imps
  A centaur skeleton (D:4)
  A giant frog skeleton (D:6)
  Terence (D:3)
  2 orc wizards
  A worker ant (D:4)
  A gnoll (D:1)
  7 adders
  A shadow imp (D:5)
  An adder skeleton (D:6)
  2 worms (D:2)
  9 orcs
  7 bats
  3 giant cockroaches
  9 goblins
  5 hobgoblins
  3 jackals (D:1)
  11 kobolds
  4 quokkas
  2 ball pythons
  8 giant geckos
  A giant gecko skeleton (D:4)
  5 giant newts
  10 rats
104 creatures vanquished.

Notes
Turn   | Place    | Note
--------------------------------------------------------------
     0 | D:1      | kosy22 the Troll Fighter began the quest for the Orb.
     0 | D:1      | Reached XP level 1. HP: 22/22 MP: 0/0
   215 | D:1      | Reached XP level 2. HP: 29/29 MP: 1/1
   511 | D:1      | Reached skill level 3 in Dodging
   511 | D:1      | Reached XP level 3. HP: 36/36 MP: 2/2
  1351 | D:2      | Reached XP level 4. HP: 34/44 MP: 3/3
  1795 | D:3      | Noticed Terence
  1805 | D:3      | Killed Terence
  2001 | D:3      | Found a bloodstained altar of Trog.
  2176 | D:3      | Reached XP level 5. HP: 52/52 MP: 4/4
  2401 | D:3      | Noticed an ogre
  2411 | D:3      | HP: 2/52 [ogre/giant club (19)]
  2414 | D:3      | Killed an ogre
  2414 | D:3      | Reached skill level 4 in Dodging
  2554 | D:3      | Found a sparkling altar of Nemelex Xobeh.
  2554 | D:3      | Found an ancient bone altar of Kikubaaqudgha.
  2560 | D:3      | Became a worshipper of Nemelex Xobeh the Trickster
  2964 | D:4      | Received a gift from Nemelex Xobeh
  3029 | D:4      | Noticed a phantom
  3064 | D:4      | Killed a phantom
  3064 | D:4      | Reached XP level 6. HP: 56/61 MP: 5/5
  3390 | D:4      | Noticed an ogre
  3429 | D:4      | Killed an ogre
  3478 | D:4      | Found a radiant altar of Vehumet.
  3478 | D:4      | Found a snail-covered altar of Cheibriados.
  3564 | D:4      | Reached skill level 5 in Dodging
  3564 | D:4      | Reached XP level 7. HP: 50/67 MP: 6/6
  3703 | D:4      | Reached * piety under Nemelex Xobeh
  3929 | D:4      | Found a deep blue altar of Sif Muna.
  4081 | D:5      | Entered Level 5 of the Dungeon
  4081 | D:5      | Found Iloarun's Assorted Antiques.
  4277 | D:5      | Received a gift from Nemelex Xobeh
  4403 | D:5      | Found Ifigint's Food Emporium.
  4411 | D:5      | Bought a beef jerky for 18 gold pieces
  4643 | D:6      | Found a staircase to the Ecumenical Temple.
  4726 | D:6      | You fall through a shaft for 2 floors!
  4726 | D:8      | Noticed Erica
  4737 | D:8      | Killed from afar by Erica

Action                   |  1- 3 |  4- 6 |  7- 9 || total
-------------------------+-------+-------+-------++-------
Melee: Unarmed           |   123 |   139 |   102 ||   364
Evoke: Deck              |       |       |     9 ||     9
  Use: Scroll            |       |     6 |       ||     6
       Potion            |       |     1 |     2 ||     3
  Eat: Chunk             |     9 |    12 |     7 ||    28
       Bread ration      |     1 |     1 |     1 ||     3
